[Event "Team 45 45 League T61"]
[Site "Internet Chess Club"]
[Date "2014.07.04"]
[Round "6"]
[White "Conjurer"]
[Black "MasterD"]
[Result "0-1"]
[WhiteElo "1243"]
[BlackElo "1361"]
[Opening "Queen's pawn game"]
[ECO "A46"]
[Time "12:00:27"]
[TimeControl "2700+45"]

1. d4 Nf6 2. Nf3 e6 3. Bf4 b6 4. e3 Bb7 5. c4 Bb4+ 6. Nc3 d6 7. Bd3 O-O 8. O-O
Nbd7 9. Qc2 h6 10. h3 Qe7 11. Ne4 c5 12. a3 Ba5 13. Bxd6 Qe8 14. Bxf8 Qxf8 15.
Rab1 a6 16. Nxf6+ Nxf6 17. Ne5 Qd6 18. Rfd1 Rc8 19. b3 b5 20. f4 cxd4 21. exd4
Qxd4+ 22. Qf2 Qxf2+ 23. Kxf2 Bb6+ 24. Kg3 Nh5+ 25. Kh2 Nxf4 26. Nd7 Bc7 27. g3
Nh5 28. Rg1 Rd8 29. Nc5 Bb6 30. b4 Bxc5 31. bxc5 Rxd3 32. cxb5 Rc3 33. c6 Bc8
34. a4 Nf6 35. Rbc1 Rxc1 36. Rxc1 axb5 37. axb5 Nd5 38. Ra1 Nb6 39. Ra2 Kf8 40.
Rd2 Ke7 41. Kg2 Nd5 42. Kf3 Kd6 43. Rc2 Kc7 44. Ke4 Kb6 45. Rb2 Nc3+ 46. Ke5
Nxb5 47. Rc2 f6+ 48. Ke4 g6 49. g4 e5 50. Rc1 Be6 51. Rc2 Nd4 52. Rc1 Nxc6 53.
Rf1 f5+ 54. gxf5 Bxf5+ 55. Ke3 Kc5 56. h4 Kd5 57. h5 g5 58. Rxf5 Ke6 59. Ke4 g4
60. Rf8 Ne7 61. Rf1 Ng8 62. Ke3 Nf6 63. Rh1 Kf5 64. Rf1+ Kg5 65. Rg1 Kxh5 66.
Kf2 Kg5 67. Ke2 h5 {White resigns} 0-1

[Event "Team 45 45 League T61"]
[Site "Internet Chess Club"]
[Date "2014.07.03"]
[Round "6"]
[White "srikrish"]
[Black "WzeroMN"]
[Result "1-0"]
[WhiteElo "1078"]
[BlackElo "1109"]
[Opening "Ruy Lopez: four knights (Tarrasch) variation"]
[ECO "C48"]
[Time "14:00:20"]
[TimeControl "2700+45"]

1. e4 e5 2. Nf3 Nc6 3. Nc3 Nf6 4. Bb5 a6 5. Ba4 Bb4 6. d3 Bxc3+ 7. bxc3 b5 8.
Bb3 O-O 9. O-O d6 10. h3 Qe8 11. Bg5 Be6 12. Bxf6 Bxb3 13. Bxg7 Kxg7 14. axb3 f6
15. Nh4 Ne7 16. f4 Kf7 17. fxe5 Ke6 18. exf6 Rxf6 19. Rxf6+ Kxf6 20. Qf3+ Kg7
21. Rf1 Ng6 22. Qf6+ Kg8 23. Nf5 Qf7 24. Nh6+ {Black resigns} 1-0

[Event "Team 45 45 League T61"]
[Site "Internet Chess Club"]
[Date "2014.07.03"]
[Round "6"]
[White "xt"]
[Black "backrankbrawler"]
[Result "1-0"]
[WhiteElo "1770"]
[BlackElo "1786"]
[Opening "Two knights defense"]
[ECO "C58"]
[Time "22:02:52"]
[TimeControl "2700+45"]

1. e4 e5 2. Nf3 Nc6 3. Bc4 Nf6 4. Ng5 d5 5. exd5 Na5 6. Bb5+ c6 7. dxc6 bxc6 8.
Bd3 Bc5 9. O-O O-O 10. a3 Nb7 11. Ne4 Bb6 12. Nbc3 Nd5 13. Na4 Bc7 14. Nac5 f5
15. Nxb7 Bxb7 16. Nc5 Bc8 17. b4 a5 18. Rb1 Kh8 19. Bc4 e4 20. Bxd5 Qxd5 21. f4
exf3 22. Qxf3 Qd6 23. Qh5 Bb6 24. Bb2 axb4 25. axb4 Bxc5+ 26. bxc5 Qxc5+ 27. Kh1
Qxc2 28. Bc3 Qd3 29. Rbe1 Ba6 30. Rf3 Qd6 31. Rh3 h6 32. Qxh6+ Qxh6 33. Rxh6+
Kg8 34. Rxc6 Bb5 35. Rc7 Rf7 36. Ree7 Re8 37. Rxe8+ Bxe8 38. Rc5 g6 39. h3 Re7
40. Kg1 Rb7 41. Kf2 Kf7 42. Ke3 Bb5 43. g3 Re7+ 44. Be5 Bf1 45. h4 Bg2 46. Kf4
Rd7 47. d4 Be4 48. Ra5 Bd3 49. Kg5 Re7 50. Ra8 Be2 51. Rh8 Bh5 52. Rh7+ Ke6 53.
Rh8 Rd7 54. Rb8 Kd5 55. Kf6 Ra7 56. Rb6 Ra5 57. Rd6+ Kc4 58. Ke6 Bf3 59. Rb6 Bh5
60. Rc6+ Kb5 61. Rc5+ Kb4 62. Rxa5 Kxa5 63. d5 f4 64. Bxf4 Kb5 65. Ke7 Bg4 66.
Be3 Bf5 67. Kd8 Kc4 68. d6 Kd3 69. Bf4 Ke4 70. Ke7 Kf3 71. d7 Bxd7 72. Kxd7 Kg4
73. Ke7 Kf5 74. Kf7 {Black resigns} 1-0

[Event "Team 45 45 League T61"]
[Site "Internet Chess Club"]
[Date "2014.07.08"]
[Round "6"]
[White "amicusUK"]
[Black "SugarIslander"]
[Result "1/2-1/2"]
[WhiteElo "1624"]
[BlackElo "1657"]
[Opening "Queen's pawn game"]
[ECO "D05"]
[Time "15:00:13"]
[TimeControl "2700+45"]

1. d4 d5 2. Nf3 Nf6 3. e3 e6 4. Bd3 Be7 5. Nbd2 O-O 6. O-O h6 7. Qe2 Nbd7 8. c3
c5 9. e4 dxe4 10. Nxe4 Nxe4 11. Bxe4 Nf6 12. Bc2 b6 13. Be4 Nxe4 14. Qxe4 Rb8
15. Bf4 Bb7 16. Qe5 Rc8 17. Rad1 Bxf3 18. gxf3 Bf6 19. Qe4 cxd4 20. Be5 Bxe5 21.
Qxe5 Rc5 22. Qxd4 Qxd4 23. Rxd4 Rfc8 24. Rfd1 Kf8 25. Rd7 R5c7 26. Kg2 Ke8 27.
R7d4 Rc4 28. Rd7 R8c7 29. Rxc7 Rxc7 30. f4 f5 31. Kf3 Rd7 32. Rxd7 Kxd7 33. Ke3
g5 34. c4 Kd6 35. b4 a5 36. a3 axb4 37. axb4 e5 38. fxg5 hxg5 39. h3 Kc6 40. Kd3
Kd6 41. Ke3 Kc6 42. Kd3 Kd6 {Game drawn by mutual agreement} 1/2-1/2

[Event "Team 45 45 League T61"]
[Site "Internet Chess Club"]
[Date "2014.07.05"]
[Round "6"]
[White "oldsj"]
[Black "burnsy"]
[Result "1-0"]
[WhiteElo "1608"]
[BlackElo "1627"]
[Opening "Sicilian: O'Kelly variation"]
[ECO "B28"]
[Time "09:00:38"]
[TimeControl "2700+45"]

1. e4 c5 2. Nf3 a6 3. d4 cxd4 4. Nxd4 Nf6 5. Nc3 e5 6. Nf3 Nc6 7. Bd3 Bb4 8. Bd2
d6 9. O-O Bg4 10. h3 Bh5 11. Re1 Nd4 12. Be2 Nxe2+ 13. Qxe2 Bxc3 14. Bxc3 Qb6
15. Rad1 O-O 16. Rd3 Rfd8 17. Qd2 Bg6 18. Ba5 Qxb2 19. Bxd8 Rxd8 20. Qa5 b6 21.
Qxa6 Nxe4 22. Rxe4 Bxe4 23. Rxd6 Ra8 24. Qxa8+ {Black resigns} 1-0

[Event "Team 45 45 League T61"]
[Site "Internet Chess Club"]
[Date "2014.07.06"]
[Round "6"]
[White "losscause"]
[Black "craftsman49868"]
[Result "1/2-1/2"]
[WhiteElo "1597"]
[BlackElo "1607"]
[Opening "Modern defense"]
[ECO "A40"]
[Time "20:00:35"]
[TimeControl "2700+45"]

1. d4 g6 2. Bf4 Bg7 3. c4 d6 4. Nc3 Bd7 5. e4 c5 6. d5 Nf6 7. Bd3 Na6 8. a3 Nc7
9. Qe2 Ng4 10. Nf3 a6 11. h3 Ne5 12. Nxe5 dxe5 13. Bg5 f6 14. Be3 b6 15. O-O O-O
16. Rac1 Ne8 17. f4 exf4 18. Bxf4 e5 19. Be3 Nd6 20. Qc2 Qe8 21. Rf2 Rc8 22. Qd2
b5 23. Bh6 bxc4 24. Bxg7 Kxg7 25. Bc2 Nb5 26. Rcf1 Nd4 27. Qd1 Rb8 28. Ba4 Qe7
29. Bxd7 Qxd7 30. Qa4 Qd6 31. Qxc4 Rb3 32. Na4 Rb5 33. Nc3 Rb3 34. Na4 Rb5 35.
Nc3 Rb3 36. Na4 Rb5 {Game drawn by repetition} 1/2-1/2

[Event "Team 45 45 League T61"]
[Site "Internet Chess Club"]
[Date "2014.07.08"]
[Round "6"]
[White "misuc56"]
[Black "chessjav"]
[Result "1-0"]
[WhiteElo "1866"]
[BlackElo "1822"]
[Opening "Queen's gambit declined"]
[ECO "D30"]
[Time "13:00:22"]
[TimeControl "2700+45"]

1. d4 e6 2. c4 d5 3. e3 Nf6 4. Nc3 Be7 5. h3 b6 6. Nf3 Bb7 7. cxd5 exd5 8. Be2
Nbd7 9. O-O O-O 10. Bd2 c5 11. Rc1 Rc8 12. Re1 Ne4 13. Rf1 Ndf6 14. Bd3 Re8 15.
Nh2 Nxd2 16. Qxd2 Bf8 17. Be2 Ne4 18. Qd1 f5 19. Nxe4 dxe4 20. dxc5 Bxc5 21.
Bc4+ Kh8 22. Be2 Qf6 23. Rc2 Red8 24. Qc1 Bd6 25. Rd1 Qe5 26. Nf1 Qf6 27. b3 f4
28. Bg4 Rxc2 29. Qxc2 f3 30. Ng3 Re8 31. gxf3 exf3 32. Nf1 Bc5 33. Qf5 Qxf5 34.
Bxf5 Bc6 35. Rc1 Rf8 36. Bd3 Bd7 37. h4 Bg4 38. Rc4 Be6 39. Rf4 Rxf4 40. exf4
Bd6 41. f5 Bd5 42. Nh2 Kg8 43. Bc4 Bxc4 44. bxc4 Bxh2+ 45. Kxh2 Kf7 46. Kg3 Kf6
47. Kxf3 Kxf5 48. a3 a6 49. a4 h5 50. Ke3 Kg4 51. Ke4 Kxh4 52. a5 bxa5 53. c5 a4
54. Kd3 a3 55. Kc2 a2 56. Kb2 Kg4 57. c6 Kf3 58. c7 Kxf2 59. c8=Q Kg2 60. Qc6+
Kh3 61. Qc3+ Kh2 62. Qxg7 h4 63. Kxa2 h3 64. Kb2 a5 65. Kc2 a4 66. Kd2 a3 67.
Ke2 a2 68. Qe5+ Kg2 69. Qd5+ Kg3 70. Qxa2 h2 71. Qg8+ Kh3 72. Qh7+ Kg2 73. Qg6+
Kh1 74. Qe4+ Kg1 75. Qg4+ Kh1 76. Qf3+ Kg1 77. Qf1# {Black checkmated} 1-0

[Event "Team 45 45 League T61"]
[Site "Internet Chess Club"]
[Date "2014.07.06"]
[Round "6"]
[White "Packerfan"]
[Black "Constrictor"]
[Result "1/2-1/2"]
[WhiteElo "1809"]
[BlackElo "1680"]
[Opening "Caro-Kann: Panov-Botvinnik attack, 5...e6"]
[ECO "B14"]
[Time "14:31:20"]
[TimeControl "2700+45"]

1. e4 c6 2. d4 d5 3. exd5 cxd5 4. c4 Nf6 5. Nc3 e6 6. Nf3 Bb4 7. Qb3 Nc6 8. Be2
dxc4 9. Bxc4 O-O 10. O-O a6 11. d5 exd5 12. Nxd5 Nxd5 13. Bxd5 Be7 14. Bxc6 bxc6
15. Be3 Be6 16. Qa4 Bd5 17. Nd4 Qd6 18. Nf5 Qb4 19. Qxb4 Bxb4 20. a3 Ba5 21.
Ne7+ Kh8 22. Nxd5 cxd5 23. b4 Bc7 24. Bc5 Rfd8 25. Rad1 Rab8 26. Rd3 a5 27. Rfd1
axb4 28. axb4 Bb6 29. Bxb6 Rxb6 30. Rxd5 Rxd5 31. Rxd5 g6 32. b5 Kg7 33. f4 Kf6
34. Kf2 Ke6 35. Re5+ Kd6 36. Re8 Rxb5 37. Rh8 h5 38. Ra8 Ke6 39. Ra7 Rb2+ 40.
Kg3 Kf6 41. Kh3 {Game drawn by mutual agreement} 1/2-1/2

[Event "Team 45 45 League T61"]
[Site "Internet Chess Club"]
[Date "2014.07.03"]
[Round "6"]
[White "Aquaman"]
[Black "smsxman"]
[Result "1/2-1/2"]
[WhiteElo "1356"]
[BlackElo "1398"]
[Opening "Réti opening"]
[ECO "A04"]
[Time "14:30:18"]
[TimeControl "2700+45"]

1. Nf3 Nc6 2. g4 Nf6 3. h3 h6 4. d3 d5 5. Nbd2 e5 6. e4 Be6 7. Bg2 Qd7 8. Nh2
O-O-O 9. b3 d4 10. Nc4 Bxc4 11. bxc4 Bb4+ 12. Bd2 Qd6 13. O-O g5 14. Bxb4 Qxb4
15. Nf3 Qe7 16. Nd2 b6 17. Nb3 Nd7 18. a4 f6 19. a5 Kb8 20. axb6 cxb6 21. Qb1
Kc7 22. Nc1 Ra8 23. Na2 Rhb8 24. Qd1 Nc5 25. Qf3 Ne6 26. c3 Rf8 27. Rfb1 dxc3
28. Nxc3 Kd8 29. Nd5 Qc5 30. Nxb6 Rb8 31. Nd5 Ned4 32. Rxb8+ Nxb8 33. Qd1 Kd7
34. Qa4+ Nbc6 35. Qd1 Nb4 36. Qa4+ Ndc6 37. Nxb4 Qxb4 38. Qxb4 Nxb4 39. Rxa7+
Ke6 40. Bf1 Rd8 41. Ra3 Nc2 42. Rc3 Nd4 43. Kg2 Kd6 44. Kg3 Kc5 45. Ra3 Kb6 46.
h4 Nc2 47. Rb3+ Kc5 48. Rb5+ Kc6 49. Ra5 Kb6 50. Rb5+ Kc6 51. Rb2 Nd4 52. Ra2
Kb6 53. Rb2+ Kc5 54. Rb7 Rg8 55. Rf7 Rg6 56. h5 Rg7 57. Rxf6 Rh7 58. Ra6 Nc6 59.
Ra1 Kd4 60. Ra6 Rc7 61. Ra1 Rd7 62. Rb1 Rd6 63. Rb5 Ne7 64. Rb7 Nc6 65. Rg7 Nb4
66. Rg6 Kc5 67. Rxd6 Kxd6 68. Kf3 Kc5 69. Ke3 Nc2+ 70. Kd2 Nd4 71. Be2 Nb3+ 72.
Ke3 Nd4 73. Bd1 Ne6 74. f3 Nf4 75. Be2 Ng2+ 76. Kd2 Kd4 77. Bd1 Nf4 78. Bc2 Ne6
79. Bb1 Nf4 80. Bc2 Ne6 81. Bb1 Nf4 82. Bc2 Ne6 83. Bb3 Nf4 84. Bc2 {Game drawn
by repetition} 1/2-1/2

[Event "Team 45 45 League T61"]
[Site "Internet Chess Club"]
[Date "2014.07.06"]
[Round "6"]
[White "mongmong"]
[Black "ethan0627"]
[Result "0-1"]
[WhiteElo "1566"]
[BlackElo "1426"]
[Opening "Queen's pawn game"]
[ECO "D05"]
[Time "19:01:04"]
[TimeControl "2700+45"]

1. d4 d5 2. Nf3 Nf6 3. e3 e6 4. Bd3 Bd7 5. c3 Bd6 6. Nbd2 O-O 7. O-O Nc6 8. Qe2
Qe7 9. e4 e5 10. dxe5 Nxe5 11. Nxe5 Qxe5 12. Nf3 Qe7 13. exd5 Qxe2 14. Bxe2 Nxd5
15. Bc4 Nf6 16. Bg5 Ne4 17. Be3 h6 18. Rfd1 Rfe8 19. Bd5 Nc5 20. Bxc5 Bxc5 21.
Re1 c6 22. Bb3 Rad8 23. Ne5 Be6 24. Bxe6 Rxe6 25. Nf3 Rde8 26. Rxe6 Rxe6 27. Re1
Rxe1+ 28. Nxe1 Kf8 29. Kf1 Ke7 30. Ke2 Ke6 31. f3 Ke5 32. b3 b5 33. Nd3+ Kd5 34.
h3 Bb6 35. Nb4+ Kd6 36. Kd3 c5 37. Nc2 Ke5 38. c4 a6 39. g3 g5 40. Ne3 f5 41.
Nd5 Bd8 42. g4 Ke6 43. Ke3 Ke5 44. Kd3 Ke6 45. Nc3 b4 46. Nd5 Ke5 47. Ne3 Kf4
48. Nxf5 Kxf3 49. Nxh6 Kg3 50. Ke4 Kxh3 51. Kf5 Kg3 52. Nf7 {White resigns} 0-1

[Event "Team 45 45 League T61"]
[Site "Internet Chess Club"]
[Date "2014.07.08"]
[Round "6"]
[White "Jet1234"]
[Black "GregoryViking"]
[Result "0-1"]
[WhiteElo "1345"]
[BlackElo "1574"]
[Opening "Sicilian defense"]
[ECO "B20"]
[Time "15:00:31"]
[TimeControl "2700+45"]

1. e4 c5 2. Bc4 Nc6 3. Nc3 Nf6 4. d3 d6 5. Nf3 Bg4 6. h3 Bh5 7. g4 Nxg4 8. hxg4
Bxg4 9. Rg1 Qd7 10. Be3 g6 11. Qe2 Bg7 12. O-O-O Bd4 13. Rg3 h5 14. Qd2 h4 15.
Rh1 hxg3 16. Rxh8+ Bxh8 17. Qd1 g2 18. Qg1 Bxf3 19. Qh2 O-O-O 20. Qg3 Be5 21.
Qg5 Rh8 22. Bxf7 Rh1+ 23. Kd2 g1=Q 24. Bxg6 Qc1# {White checkmated} 0-1

[Event "Team 45 45 League T61"]
[Site "Internet Chess Club"]
[Date "2014.07.04"]
[Round "6"]
[White "smsxman"]
[Black "Striker3000"]
[Result "1-0"]
[WhiteElo "1406"]
[BlackElo "1213"]
[Opening "Four knights"]
[ECO "C49"]
[Time "13:00:30"]
[TimeControl "2700+45"]

1. e4 e5 2. Nf3 Nc6 3. Nc3 Nf6 4. Bb5 Bb4 5. d3 O-O 6. O-O Bxc3 7. bxc3 Re8 8.
Re1 a6 9. Bxc6 dxc6 10. Bg5 Bg4 11. h3 Bh5 12. Re3 h6 13. Bh4 Qd6 14. Qe1 Re6
15. d4 exd4 16. Nxd4 Re7 17. e5 Qd5 18. exf6 Rxe3 19. Qxe3 gxf6 20. Bxf6 Kh7 21.
Qe5 Qxe5 22. Bxe5 Re8 23. Bxc7 c5 24. Nb3 Re2 25. Nxc5 Rxc2 26. Be5 b6 27. Nd7
b5 28. Nf6+ Kg6 29. g4 Re2 30. Bd4 Bxg4 31. hxg4 Kg5 32. Nd5 Kxg4 33. Kf1 Kf3
34. Be3 h5 35. Nf4 Rc2 36. Nd5 h4 37. Kg1 h3 38. Kh2 Kg4 39. Rg1+ Kh4 40. Bg5+
Kh5 41. Nf4# {Black checkmated} 1-0

[Event "Team 45 45 League T61"]
[Site "Internet Chess Club"]
[Date "2014.07.06"]
[Round "6"]
[White "trifire"]
[Black "guyd52"]
[Result "1-0"]
[WhiteElo "1463"]
[BlackElo "1332"]
[Opening "Pirc: Holmov system"]
[ECO "B07"]
[Time "19:11:01"]
[TimeControl "2700+45"]

1. e4 d6 2. Nc3 Nf6 3. Bc4 g6 4. d4 Bg7 5. Bg5 O-O 6. Qd2 Nbd7 7. f3 e5 8. Nge2
Qe8 9. O-O-O Nb6 10. Bb3 Be6 11. g4 Bxb3 12. axb3 Nfd7 13. h4 exd4 14. Nxd4 a6
15. h5 Bf6 16. Bh6 Bg7 17. Bxg7 Kxg7 18. hxg6 fxg6 19. Qh6+ Kf6 20. f4 Qf7 21.
Qg5+ Kg7 22. Nf5+ Kh8 23. Ne7 Qxf4+ 24. Qxf4 Rxf4 25. Nxg6+ Kg7 26. Nxf4 Nc5 27.
Nh5+ Kf7 28. Rdf1+ Ke6 29. Rf6+ Ke5 30. Rf5+ Kd4 31. Rd1+ Ke3 32. b4 Nba4 33.
bxc5 Nxc3 34. Rd3+ Kxe4 35. Ng3# {Black checkmated} 1-0

[Event "Team 45 45 League T61"]
[Site "Internet Chess Club"]
[Date "2014.07.06"]
[Round "6"]
[White "clarinetref"]
[Black "bluesun"]
[Result "0-1"]
[WhiteElo "1589"]
[BlackElo "1582"]
[Opening "Center game: Paulsen attack"]
[ECO "C22"]
[Time "20:03:25"]
[TimeControl "2700+45"]

1. e4 e5 2. d4 exd4 3. Qxd4 Nc6 4. Qe3 b6 5. a3 Bc5 6. Qg3 Qf6 7. Nc3 Nge7 8.
Nb5 O-O 9. Bc4 Ba6 10. c3 Bxb5 11. Bxb5 Rfe8 12. Bg5 Bxf2+ 13. Qxf2 Qxg5 14. Bc4
d5 15. Ba2 Ng6 16. Nf3 Rxe4+ 17. Kf1 Qf5 18. Rd1 d4 19. Bb1 d3 20. Rxd3 Qb5 21.
Kg1 Rae8 22. Rd2 Re2 23. Rxe2 Rxe2 24. Nd4 Nxd4 25. Qxd4 Re1+ 26. Kf2 Rxh1 27.
Qd8+ Nf8 28. Be4 Qxb2+ 29. Kg3 Qxc3+ 30. Bf3 Qe5+ 31. Kh3 Rxh2+ 32. Kg4 h5#
{White checkmated} 0-1

[Event "Team 45 45 League T61"]
[Site "Internet Chess Club"]
[Date "2014.07.06"]
[Round "6"]
[White "chesscharm"]
[Black "g8wrb"]
[Result "0-1"]
[WhiteElo "1214"]
[BlackElo "1297"]
[Opening "French: Two knights variation"]
[ECO "C00"]
[Time "11:00:36"]
[TimeControl "2700+45"]

1. e4 e6 2. Nf3 d5 3. Nc3 Nf6 4. d3 Bc5 5. Bg5 Be7 6. e5 Nfd7 7. Bxe7 Qxe7 8.
Be2 O-O 9. O-O c5 10. d4 cxd4 11. Qxd4 Nc6 12. Qg4 Ndxe5 13. Nxe5 Nxe5 14. Qg3
Qf6 15. f4 Nc6 16. Qh3 Nd4 17. Bd3 h6 18. Nb5 Bd7 19. Nxd4 Qxd4+ 20. Kh1 Rac8
21. c3 Qb6 22. Rab1 Bb5 23. Bxb5 Qxb5 24. Rf3 Rc4 25. Qh4 Qd7 26. Rg3 Kh7 27.
Rf1 Qd8 28. Qg4 Qf6 29. Rff3 Qg6 30. Qxg6+ fxg6 31. h3 Rcxf4 32. Rxf4 Rxf4 33.
b4 Rf1+ 34. Kh2 Ra1 35. Re3 Rc1 36. Rxe6 Rxc3 37. Re7 Ra3 38. Rxb7 Rxa2 39. Rd7
Ra4 40. Rxd5 Rxb4 41. Rd7 a5 42. Ra7 Rb5 43. Ra8 g5 44. g4 Kg6 45. Kg3 h5 46. h4
gxh4+ 47. Kxh4 hxg4 48. Kxg4 Rb4+ 49. Kf3 a4 50. Ke2 Kg5 51. Kd3 g6 52. Ra5+ Kg4
53. Kc3 Rf4 54. Kd3 g5 55. Ke3 Rb4 56. Kf2 Kf4 57. Kg1 g4 58. Kg2 Ke3 59. Kg3
Kd2 60. Rg5 Kc3 61. Rxg4 Rxg4+ 62. Kxg4 a3 63. Kf3 a2 64. Ke4 a1=Q 65. Ke5 Qa4
66. Kd5 Qc4+ 67. Ke5 Qd4+ 68. Ke6 Kc4 69. Ke7 Qb6 70. Kf7 Kd5 71. Ke7 Qd6+ 72.
Kf7 Ke5 73. Kg7 Qf6+ 74. Kg8 Qe7 75. Kh8 Kf6 76. Kg8 Qg7# {White checkmated} 0-1

[Event "Team 45 45 League T61"]
[Site "Internet Chess Club"]
[Date "2014.07.06"]
[Round "6"]
[White "Bizzy-Ketty"]
[Black "medsurg"]
[Result "0-1"]
[WhiteElo "1496"]
[BlackElo "1403"]
[Opening "Vienna game"]
[ECO "C25"]
[Time "19:30:12"]
[TimeControl "2700+45"]

1. e4 e5 2. Nc3 c6 3. Bc4 Nf6 4. Nf3 Bd6 5. O-O O-O 6. d3 Bc7 7. Bg5 b5 8. Bb3
Na6 9. a3 Nc5 10. Ba2 Ne6 11. Bh4 Nf4 12. Qd2 Ng6 13. Bg3 a6 14. Rfe1 d6 15.
Rad1 Bb6 16. d4 Qc7 17. d5 c5 18. Bb1 Nh5 19. Bh4 Nxh4 20. Nxh4 f5 21. Qg5 Qf7
22. b4 c4 23. Rf1 Bd8 24. Qe3 Bxh4 25. Ne2 fxe4 26. Qxe4 Bg5 27. Ng3 Bf5 28. Qf3
Nxg3 29. Qxg3 Qh5 30. h3 Bf4 31. Qc3 Rf6 32. Kh1 Bxh3 33. gxh3 Rg6 34. Rg1 Rh6
35. Kg2 Rf8 36. Rh1 Qe2 37. Rde1 Rg6+ 38. Qg3 Rxg3+ 39. Kh2 Qxf2# {White
checkmated} 0-1

[Event "Team 45 45 League T61"]
[Site "Internet Chess Club"]
[Date "2014.07.08"]
[Round "6"]
[White "tamtu"]
[Black "chessjav"]
[Result "1-0"]
[WhiteElo "2030"]
[BlackElo "1814"]
[Opening "QGD: Charousek (Petrosian) variation"]
[ECO "D31"]
[Time "19:43:54"]
[TimeControl "2700+45"]

1. d4 e6 2. c4 d5 3. Nc3 Be7 4. Bf4 Nf6 5. e3 b6 6. cxd5 exd5 7. Bd3 Bb7 8. Nf3
Nbd7 9. O-O O-O 10. Rc1 c5 11. Ne5 Nxe5 12. Bxe5 Bd6 13. f4 Qe7 14. Nb5 Bb8 15.
b3 a6 16. Nc3 Ne4 17. Qf3 f5 18. Qe2 Bd6 19. Na4 cxd4 20. Nxb6 Rae8 21. exd4
Bxe5 22. dxe5 Qe6 23. Na4 Rc8 24. Qe3 Rfd8 25. Nc5 Nxc5 26. Rxc5 Qb6 27. b4 Qxb4
28. Rxc8 Bxc8 29. Rc1 g6 30. Rc6 a5 31. g3 d4 32. Qe2 Bb7 33. Rc1 Rc8 34. Rb1
Qe7 35. Kf2 Rc3 36. a4 Bc6 37. e6 Rc5 38. Qb2 Qxe6 39. Qxd4 Qd5 40. Qxd5+ Bxd5
41. Ke3 Be4 42. Bxe4 fxe4 43. Rb8+ Kg7 44. Ra8 Kf6 45. Kd4 Rc6 46. Rxa5 Re6 47.
Re5 Ra6 48. a5 Rd6+ 49. Ke3 Rd3+ 50. Kxe4 Rd2 51. h4 Rg2 52. Kf3 Ra2 53. Kg4 h5+
54. Kh3 Ra3 55. Rb5 Ra2 56. Rb6+ Kf5 57. a6 Ra1 58. Kg2 Ra2+ 59. Kf3 Ra3+ 60.
Ke2 Ra2+ 61. Kd3 Ra3+ 62. Kc4 Rxg3 63. Rb5+ Kxf4 64. Ra5 Re3 65. a7 Re8 66. a8=Q
Rxa8 67. Rxa8 Kg4 68. Rg8 Kxh4 69. Rxg6 Kh3 70. Kd3 h4 71. Ke3 Kh2 72. Kf2 h3
73. Rh6 Kh1 74. Rxh3# {Black checkmated} 1-0

[Event "Team 45 45 League T61"]
[Site "Internet Chess Club"]
[Date "2014.07.07"]
[Round "6"]
[White "WillC"]
[Black "TheRailgun"]
[Result "0-1"]
[WhiteElo "1734"]
[BlackElo "1910"]
[Opening "Réti opening"]
[ECO "A05"]
[Time "19:01:05"]
[TimeControl "2700+45"]

1. Nf3 Nf6 2. b3 g6 3. Bb2 Bg7 4. d3 O-O 5. e4 d5 6. e5 Nh5 7. g3 f6 8. d4 c5 9.
Be2 Bh3 10. Nbd2 Nd7 11. exf6 Bxf6 12. c3 cxd4 13. cxd4 Rc8 14. Ne5 Nxe5 15.
dxe5 Bg5 16. f4 Nxf4 17. Bf1 Bxf1 18. Nxf1 Qa5+ {White resigns} 0-1

[Event "Team 45 45 League T61"]
[Site "Internet Chess Club"]
[Date "2014.07.05"]
[Round "6"]
[White "Frankly"]
[Black "drbishop"]
[Result "0-1"]
[WhiteElo "1769"]
[BlackElo "1760"]
[Opening "King's Indian: orthodox, Aronin-Taimanov, bayonet attack"]
[ECO "E97"]
[Time "10:01:08"]
[TimeControl "2700+45"]

1. d4 g6 2. c4 Nf6 3. Nc3 Bg7 4. e4 d6 5. Nf3 O-O 6. Be2 e5 7. O-O Nc6 8. d5 Ne7
9. b4 Nh5 10. Re1 Nf4 11. Bf1 a5 12. Rb1 axb4 13. Rxb4 f5 14. Ng5 h6 15. Ne6
Nxe6 16. dxe6 b6 17. Nd5 Bxe6 18. Qc2 fxe4 19. Qxe4 Rxa2 20. Nxe7+ Qxe7 21. Bxh6
Raxf2 22. Qxg6 Qf7 23. Qxg7+ Qxg7 24. Bxg7 Kxg7 25. Rb3 Rxf1+ 26. Rxf1 Rxf1+ 27.
Kxf1 {White resigns} 0-1

[Event "Team 45 45 League T61"]
[Site "Internet Chess Club"]
[Date "2014.07.05"]
[Round "6"]
[White "Innes"]
[Black "ghostfire"]
[Result "0-1"]
[WhiteElo "1587"]
[BlackElo "1731"]
[Opening "Scotch: Göring gambit"]
[ECO "C44"]
[Time "15:00:54"]
[TimeControl "2700+45"]

1. e4 e5 2. Nf3 Nc6 3. d4 exd4 4. c3 dxc3 5. Bc4 Nf6 6. e5 Qe7 7. O-O Ng8 8.
Nxc3 Qc5 9. Qe2 Be7 10. Nd5 Na5 11. b3 Nxc4 12. bxc4 Bd8 13. Be3 Qc6 14. Nd4 Qg6
15. Nb5 Qc6 16. Qg4 g6 17. Bg5 h5 18. Qh4 a6 19. Bxd8 axb5 20. Nxc7+ Kf8 21.
Nxa8 b6 22. Nxb6 Bb7 23. Qh3 Ke8 24. Qxd7+ Qxd7 25. Nxd7 Kxd7 26. Bf6 Nxf6 27.
exf6 bxc4 28. Rfe1 Bd5 29. Rad1 Kc6 30. Re5 Rd8 31. a4 Rd6 32. a5 Be6 33. Rxd6+
Kxd6 34. Re1 Kc5 35. Rb1 c3 36. a6 Bd5 37. h4 Kc4 38. Kh2 c2 39. Ra1 Kb3 40. a7
Ba8 41. f4 Kb2 42. Rf1 c1=Q 43. Rxc1 Kxc1 44. g4 hxg4 45. f5 gxf5 46. Kg3 Kd2
47. h5 Ke3 48. h6 f4+ 49. Kxg4 f3 50. h7 f2 51. h8=Q Bf3+ 52. Kg3 f1=Q 53. Qe8+
Kd2 54. Qd7+ Ke3 55. Qe7+ Be4 56. Qc5+ Kd2 57. Qd4+ Qd3+ 58. Qxd3+ Kxd3 59. Kf4
Kd4 60. Kg5 Kc5 61. Kh6 Kd6 62. Kg7 Ke6 63. Kh6 Kxf6 64. Kh5 Kf5 65. Kh4 Kf4 66.
Kh3 Kf3 67. Kh2 Kf2 68. Kh3 f5 69. Kh4 f4 70. Kg4 f3 71. Kf4 Ba8 {White resigns}
0-1

[Event "Team 45 45 League T61"]
[Site "Internet Chess Club"]
[Date "2014.07.03"]
[Round "6"]
[White "Goli"]
[Black "Kali-Linux"]
[Result "1/2-1/2"]
[WhiteElo "1813"]
[BlackElo "1968"]
[Opening "Ruy Lopez: exchange variation, 5.O-O"]
[ECO "C68"]
[Time "17:04:19"]
[TimeControl "2700+45"]

1. e4 e5 2. Nf3 Nc6 3. Bb5 a6 4. Bxc6 dxc6 5. O-O Ne7 6. h3 Ng6 7. d4 exd4 8.
Nxd4 c5 9. Nf3 Qxd1 10. Rxd1 Bd7 11. Nc3 O-O-O 12. a4 Bd6 13. Be3 f6 14. Kf1
Rhe8 15. Ng1 Ne5 16. f3 f5 17. Bg5 Be7 18. Bxe7 Rxe7 19. Nd5 Ree8 20. exf5 Bxf5
21. Ne3 Bg6 22. Kf2 Nc6 23. c3 Bf7 24. Ne2 Bb3 25. Rxd8+ Rxd8 26. Ke1 Ne5 27.
Nc1 Nd3+ 28. Nxd3 Rxd3 29. Ke2 {Game drawn by mutual agreement} 1/2-1/2

[Event "Team 45 45 League T61"]
[Site "Internet Chess Club"]
[Date "2014.07.07"]
[Round "6"]
[White "matein7"]
[Black "room-matt"]
[Result "0-1"]
[WhiteElo "1773"]
[BlackElo "1849"]
[Opening "Queen's pawn: Torre attack"]
[ECO "A46"]
[Time "15:32:38"]
[TimeControl "2700+45"]

1. d4 Nf6 2. Nf3 e6 3. Bg5 d5 4. Nbd2 c5 5. e3 Nbd7 6. c3 Qb6 7. Qb3 c4 8. Qc2
h6 9. Bh4 Bd6 10. e4 g5 11. Bg3 Bxg3 12. hxg3 g4 13. Ng5 Rg8 14. e5 hxg5 15. Rh6
Ne4 16. Nxe4 dxe4 17. O-O-O Qc6 18. d5 Qc7 19. dxe6 Nxe5 20. exf7+ Nxf7 21.
Qxe4+ Qe7 22. Re1 Qxe4 23. Rxe4+ Kf8 24. Rh7 Bf5 25. Rxf7+ Kxf7 26. Bxc4+ Kf6
27. Bxg8 Bxe4 {White resigns} 0-1

[Event "Team 45 45 League T61"]
[Site "Internet Chess Club"]
[Date "2014.07.06"]
[Round "6"]
[White "mongmong"]
[Black "Duguesclin"]
[Result "0-1"]
[WhiteElo "1590"]
[BlackElo "1651"]
[Opening "Queen's pawn game"]
[ECO "D04"]
[Time "08:17:53"]
[TimeControl "2700+45"]

1. d4 Nf6 2. Nf3 d5 3. e3 Bg4 4. Nbd2 e6 5. h3 Bh5 6. Be2 c5 7. c3 Nc6 8. Nh2
Bxe2 9. Qxe2 c4 10. e4 Be7 11. e5 Nd7 12. O-O O-O 13. f4 Qb6 14. f5 Ncxe5 15.
Kh1 Nd3 16. Rb1 Bh4 17. Qg4 Nf2+ 18. Rxf2 Bxf2 19. f6 {White resigns} 0-1